Cogmind - Beta 17.1 @@@ ROGUE MODE // 2026.08.25 @ 09:47:29 Player: kway_side Result: Destroyed by U6-UV9(j) with Overtuned Pulse Rifle Performance ------------- Evolutions (0) 0 Regions Visited (3) 600 Robots Destroyed (17) 85 Value Destroyed (496) 496 Prototype IDs (9) 180 Alien Tech Used (0) 0 Bonus (800) 800 TOTAL SCORE: 2161 Bonus ------- Registered with UFD 300 Met Optimus in HQ 500 Cogmind --------- Core Integrity 0/250 Matter 258/300 Energy 106/265 System Corruption 0% Temperature Hot (275) Movement Rolling (130) Ox2 Location -8/Scraptown Parts ------- > --- POWER (1) -------- Improved Ion Engine > --- PROPULSION (2) --- Armored Huge Wheel > --- UTILITY (2) ------ High-capacity Storage Unit Makeshift Light Armor Plating > --- WEAPON (2) ------- Riot Gun Proton Cannon > --- INVENTORY (20) --- Improved Deuterium Engine Aluminum Leg Aluminum Leg Carbon-fiber Leg Flexi-carbon Leg Improved Cryofiber Web Large Storage Unit Rocket Booster Trap Scanner Triangulator IFF Parser Recoil Stabilizer Relay Coupler [Proto] (3) Lightning Gun Phase Cannon Battle Rifle Grenade Launcher Mining Laser Companion Sword DRS Beacon (Ready) Peak State ------------ > --- POWER ------------ Improved Deuterium Engine > --- PROPULSION ------- Armored Huge Wheel > --- UTILITY ---------- High-capacity Storage Unit IFF Parser > --- WEAPON ----------- Battle Rifle Companion Sword > --- INVENTORY -------- Improved Ion Engine Aluminum Leg Aluminum Leg Carbon-fiber Leg Flexi-carbon Leg Improved Cryofiber Web Large Storage Unit Rocket Booster Trap Scanner Triangulator Recoil Stabilizer Makeshift Light Armor Plating Relay Coupler [Proto] Riot Gun Lightning Gun Proton Cannon Phase Cannon Grenade Launcher Mining Laser DRS Beacon [Rating: 33] Favorites ----------- Power Ion Engine Engine Ion Engine Propulsion Aluminum Leg Treads Light Treads Leg Aluminum Leg Wheel Armored Huge Wheel Utility High-capacity Storage Unit Device IFF Parser Storage High-capacity Storage Unit Processor Targeting Computer Protection Makeshift Light Armor Plating Weapon Battle Rifle Energy Gun Medium Laser Energy Cannon Proton Cannon Ballistic Gun Battle Rifle Launcher Grenade Launcher Impact Weapon Heavy Flail Slashing Weapon Companion Sword Build | -11 -10 -10 -8 ------- Run | Yrd Mat Sub Scr Slots Evolved . | . . . . Power . | . . . . Propulsion . | . . . . Utility . | . . . . Weapon . | . . . . Parts Attached 30 | . 10 9 11 Power 4 | . 1 1 2 Engine 4 | . 1 1 2 Core . | . . . . Reactor . | . . . . Propulsion 7 | . 3 2 2 Treads 3 | . 3 . . Leg 3 | . . 2 1 Wheel 1 | . . . 1 Hover . | . . . . Flight . | . . . . Utility 8 | . 3 2 3 Device 4 | . 1 . 3 Storage 1 | . 1 . . Processor 1 | . 1 . . Hackware . | . . . . Protection 2 | . . 2 . Artifact . | . . . . Weapon 11 | . 3 4 4 Energy Gun 5 | . 1 3 1 Energy Cannon 1 | . . . 1 Ballistic Gun 2 | . 1 1 . Ballistic Cannon . | . . . . Launcher 1 | . 1 . . Special Weapon . | . . . . Impact Weapon 1 | . . . 1 Slashing Weapon 1 | . . . 1 Piercing Weapon . | . . . . Special Melee Weapon . | . . . . Unidentified Prototypes 1 | . . . 1 Parts Lost 4 | . . 4 . Power 1 | . . 1 . Propulsion 2 | . . 2 . Utility . | . . . . Weapon 1 | . . 1 . Highest Loss Streak 3 | . . 3 . To Critical Strikes . | . . . . Average Backups 16 | 6 12 17 18 Power . | 1 . . . Propulsion 4 | 4 5 5 4 Utility 5 | . 3 6 7 Weapon 5 | 1 3 5 6 Tool/Special . | . . . . Unused Backups 30 | . 4 1 25 Power . | . . . . Propulsion 6 | . . . 6 Utility 12 | . 2 1 9 Weapon 11 | . 2 . 9 Tool/Special 1 | . . . 1 Average Slot Usage (%) 94 | . 97 90 93 Engine 12 | . 14 5 14 Treads 7 | . 25 8 . Leg 13 | . 2 19 16 Wheel 3 | . . . 5 Device 6 | . . . 10 Storage 14 | . 14 14 14 Processor 3 | . 10 2 . Protection 3 | . . 11 3 Energy Gun 6 | . 12 18 . Ballistic Gun 13 | . 13 9 13 Impact Weapon 5 | . . . 9 Slashing Weapon 2 | . . . 4 Peak Build Rating 33 | 6 9 16 33 Average Rating 18 | 6 7 8 25 On Entrance 9 | 6 6 9 16 Avg Prop Armor Cover (%) . | . . . . Naked Turns . | . . . . Heaviest Build 65 | 13 50 54 65 Greatest Support 46 | 20 46 40 30 Greatest Overweight (x) 2 | . 1 2 2 Average Overweight (x) 1 | . . 1 1 Largest Inventory Capacity 20 | 8 20 20 20 Average Capacity 18 | 8 13 20 20 Most Carried 20 | 6 20 20 20 Average Carried 17 | 6 12 18 19 Final Capacity 20 | 8 20 20 20 Final Carried 20 | 6 20 20 20 Class Distribution -------------------- 100% | Mutant Dominant Class ---------------- Mutant | -10/Materials Mutant | -10/Subcaves Mutant | -8/Scraptown Resources | -11 -10 -10 -8 ----------- Run | Yrd Mat Sub Scr Matter Collected 618 | 200 152 126 140 Remotely . | . . . . Salvage Created 669 | . 300 176 193 Parts 41 | . 17 8 16 Haulers Intercepted 1 | . 1 . . Recyclers Shooed . | . . . . Parts Field Recycled . | . . . . Retrieved Matter . | . . . . Parts Self-Destructed 7 | . . 7 . Prevented . | . . . . Parts Restored . | . . . . Kills | -11 -10 -10 -8 ------- Run | Yrd Mat Sub Scr Combat Hostiles Destroyed 14 | . 7 4 3 Guns 12 | . 7 3 2 Cannons 1 | . . . 1 Classes Destroyed 8 | . 5 1 2 Worker 1 | . 1 . . Hauler 1 | . 1 . . Operator 1 | . 1 . . Swarmer 3 | . 3 . . Grunt 4 | . 4 . . Subdweller 4 | . . 4 . Guru 1 | . . . 1 Scrapper 2 | . . . 2 Best Kill Streak 3 | . 3 2 3 Combat Bots Only 3 | . 3 2 3 Max Kills in Single Turn 1 | . 1 1 1 Gunslinging . | . . . . Exploded . | . . . . Melee . | . . . . Uniques/NPCs Destroyed . | . . . . Combat | -11 -10 -10 -8 -------- Run | Yrd Mat Sub Scr Hostile Shots Fired 90 | . 30 35 25 Missed 23 | . 6 9 8 Hits 67 | . 24 26 17 Projectile 67 | . 24 26 17 Critical Strikes 2 | . . . 2 Damage Taken 1134 | . 276 573 285 Core 256 | . 47 94 115 Absorbed by Shields . | . . . . Core Remaining (%) 100 | 100 . . . Volleys Fired 49 | . 21 17 11 Largest 2 | . 2 2 2 Hottest 125 | . 70 90 125 Shots Fired 92 | . 41 34 17 Gun 85 | . 41 34 10 Cannon 7 | . . . 7 Launcher . | . . . . Special . | . . . . Kinetic 31 | . 21 6 4 Thermal 46 | . 20 26 . Explosive . | . . . . Electromagnetic 15 | . . 2 13 Robot Hit Streak 13 | . 13 9 6 Robot Miss Streak 2 | . 1 2 1 Penetration Max . | . . . . Secondary Targets 1 | . . 1 . Max Gunslinging Chain 1 | . . 1 . Shots Hit Robots 70 | . 30 27 13 Core Hits 31 | . 17 6 8 Critical Kills . | . . . . Critical Parts Destroyed . | . . . . Critical Strikes 6 | . 2 4 . Burn 5 | . 2 3 . Destroy 1 | . . 1 . Melee Attacks 2 | . . . 2 Impact . | . . . . Slashing 2 | . . . 2 Piercing . | . . . . Sneak Attacks . | . . . . Combat Hostiles . | . . . . Follow-up Attacks . | . . . . Damage Inflicted 922 | . 406 325 191 Guns 850 | . 403 325 122 Cannons 69 | . . . 69 Explosions . | . . . . Melee . | . . . . Ramming 3 | . 3 . . Kinetic 330 | . 193 82 55 Thermal 434 | . 210 224 . Explosive . | . . . . Electromagnetic 155 | . . 19 136 Impact . | . . . . Slashing . | . . . . Piercing . | . . . . Highest Corruption . | . . . . Average Corruption . | . . . . Corruption Purged . | . . . . Corruption Blocked . | . . . . Overload Shots . | . . . . Overflow Damage . | . . . . Projectiles . | . . . . Explosions . | . . . . Melee . | . . . . Knockbacks . | . . . . Impact . | . . . . Kinetic . | . . . . Secondary . | . . . . Self-Inflicted Damage . | . . . . Shots . | . . . . Rammed 1 | . 1 . . Targets Rammed 2 | . 2 . . Kicked . | . . . . Crushed 1 | . 1 . . Highest Temperature 477 | . 93 1 477 Average Temperature 113 | . 34 1 221 Received Heat Transfer 409 | . 126 150 133 Effects 4 | . . . 4 Shutdowns 2 | . . . 2 Interference 1 | . . . 1 Damage (minor) 1 | . . . 1 Siege Activations . | . . . . Martial Activations . | . . . . Shielding Activations . | . . . . Robots Disrupted . | . . . . Combat Hostiles . | . . . . Robots Corrupted . | . . . . Combat Hostiles . | . . . . Parts Fried 2 | . . . 2 Impact Corruptions . | . . . . Robots Melted 1 | . . 1 . Combat Hostiles 1 | . . 1 . Parts Melted 5 | . 2 3 . Heat Transferred 1569 | . 740 829 . Parts Sabotaged . | . . . . Parts Stolen . | . . . . Parts Stripped . | . . . . Power Chain Reactions . | . . . . Alert | -11 -10 -10 -8 ------- Run | Yrd Mat Sub Scr Maximum Alert Level . | . . . . Low Security (%) 100 | 100 100 . . Level 1 . | . . . . Level 2 . | . . . . Level 3 . | . . . . Level 4 . | . . . . Level 5 . | . . . . High Security . | . . . . Max Security . | . . . . Peak Influence 86 | . 86 . . Initial . | . . . . Average 13 | . 13 . . Influence Increases 241 | . 241 . . Destroy 0b10 Robot/C 140 | . 140 . . Destroy 0b10 Robot/NC 15 | . 15 . . Destroy Leader 22 | . 22 . . Successful Hack 47 | . 47 . . Destroy Structure 2 | . 2 . . Lose Combat Pursuer 15 | . 15 . . Influence Decreases 241 | . 241 . . Time Decay 241 | . 241 . . Squads Dispatched . | . . . . Investigation . | . . . . Extermination . | . . . . Reinforcement . | . . . . Assault . | . . . . Garrison . | . . . . Intercept . | . . . . Searches Triggered . | . . . . Construction Impeded . | . . . . Haulers Reinforced . | . . . . Active Scanning Responses . | . . . . Cargo Convoy Interrupts . | . . . . Stealth | -11 -10 -10 -8 --------- Run | Yrd Mat Sub Scr Distress Signals 2 | . 2 . . Communications Jammed . | . . . . Distress Signals . | . . . . Times Spotted 31 | . 19 5 7 Peak Tracking Total 6 | . 6 2 3 Tactical Retreats 1 | . 1 . . Traps | -11 -10 -10 -8 ------- Run | Yrd Mat Sub Scr Traps Triggered 2 | . 2 . . Indirectly . | . . . . Trap Hack Attempts . | . . . . Triggered . | . . . . Disarmed . | . . . . Reprogrammed . | . . . . Reused . | . . . . Traps Extracted . | . . . . Installed . | . . . . Triggered . | . . . . Machines | -11 -10 -10 -8 ---------- Run | Yrd Mat Sub Scr Machines Disabled 2 | . . . 2 Max in Single Turn 1 | . . . 1 Machines Repaired . | . . . . Machines Dismantled . | . . . . Machines Sabotaged . | . . . . Overloaded Fab Kills . | . . . . Hacking | -11 -10 -10 -8 --------- Run | Yrd Mat Sub Scr Machines Accessed 15 | . 7 1 7 Terminals 6 | . 6 . . Fabricators . | . . . . Repair Stations . | . . . . Recycling Units 1 | . 1 . . Scanalyzers . | . . . . Garrison Access . | . . . . Total Hacks 67 | . 24 4 39 Successful 58 | . 15 4 39 Failed 9 | . 9 . . Catastrophic 2 | . 2 . . Database Lockouts . | . . . . Manual 22 | . 21 . 1 Terminals 23 | . 23 . . Fabricators . | . . . . Repair Stations . | . . . . Recycling Units 1 | . 1 . . Scanalyzers . | . . . . Garrison Access . | . . . . Terminal Hacks 48 | . 5 4 39 Record 42 | . . 4 38 Robot Analysis 2 | . 2 . . Prototype ID Bank 1 | . 1 . . Open Door 1 | . . . 1 Terminal Index 1 | . 1 . . Registered Components 1 | . 1 . . Fabricator Hacks . | . . . . Repair Station Hacks . | . . . . Recycling Unit Hacks 1 | . 1 . . Report Inventory 1 | . 1 . . Scanalyzer . | . . . . Garrison Access Hacks . | . . . . Unauthorized Hacks 9 | . 9 . . Terminals 9 | . 9 . . Assimilate 1 | . 1 . . Botnet 2 | . 2 . . Operators 1 | . 1 . . Skim 5 | . 5 . . Fabricators . | . . . . Repair Stations . | . . . . Recycling Units . | . . . . Scanalyzers . | . . . . Garrison Access . | . . . . Data Cores Recovered 1 | . 1 . . Used . | . . . . Hacking Detections 2 | . 2 . . Full Trace Events . | . . . . Feedback Events . | . . . . Feedback Blocked . | . . . . Robot Schematics Acquired . | . . . . Robots Built . | . . . . Authchips . | . . . . Time . | . . . . Total Robot Build Rating . | . . . . Part Schematics Acquired . | . . . . Parts Built . | . . . . Authchips . | . . . . Time . | . . . . Total Part Build Rating . | . . . . Part Studies Acquired . | . . . . Parts Repaired . | . . . . Time . | . . . . Parts Recycled . | . . . . Recycled Matter . | . . . . Retrieved Matter . | . . . . Retrieved Components . | . . . . Parts Scanalyzed . | . . . . Part Schematics Acquired . | . . . . Parts Damaged . | . . . . Bothacking | -11 -10 -10 -8 ------------ Run | Yrd Mat Sub Scr Used RIF Installer . | . . . . Robots Hacked . | . . . . Non-combat . | . . . . Combat . | . . . . Robot Hacks Applied . | . . . . Relay Couplers Released . | . . . . Fabnet Peak Effective % . | . . . . Robots Rewired . | . . . . Allies Hacked . | . . . . Hacks Repelled . | . . . . Allies | -11 -10 -10 -8 -------- Run | Yrd Mat Sub Scr Total Allies . | . . . . Largest Group . | . . . . Highest-Rated Group . | . . . . Highest-Rated Ally . | . . . . Total Orders . | . . . . Ally Attacks . | . . . . Total Damage . | . . . . Kills . | . . . . Allies Corrupted . | . . . . Allies Melted 3 | . . . 3 Intel | -11 -10 -10 -8 ------- Run | Yrd Mat Sub Scr Active Infowar (turns) 2768 | . . . 2768 IFF 2731 | . . . 2731 Triangulation 37 | . . . 37 Robot Analysis Total 2 | . 2 . . Derelict Logs Recovered 3 | . . . 3 Drone Launches . | . . . . Drone Recoveries . | . . . . Exploration | -11 -10 -10 -8 ------------- Run | Yrd Mat Sub Scr Turns Passed 6098 | 5 1591 854 3648 Spaces Moved 3230 | 5 759 304 2162 Core . | . . . . Treads 761 | . 678 83 . Legs 1346 | 5 81 221 1039 Wheels 1123 | . . . 1123 Hover . | . . . . Flight . | . . . . Fastest Speed 115 | 120 120 240 115 Average Speed 176 | 120 187 254 161 Slowest Speed 260 | 120 240 260 260 Overloaded Moves . | . . . . Propulsion Burnouts . | . . . . Robots Hopped . | . . . . Potential Cave-ins . | . . . . Cave-ins Triggered . | . . . . Exploration Rate (%) 51 | 2 80 29 95 Regions Visited 3 Branch Regions 2 Pre-discovered Areas 2 | . 1 1 . Known Exits Taken . | . . . . Unknown Exits Taken 3 | 1 1 1 . Scrap Searched 9 | . . 4 5 Spaces Dug . | . . . . Terrain Destroyed . | . . . . Melee . | . . . . Projectile . | . . . . AOE . | . . . . Terrain Rammed . | . . . . Walls Destroyed . | . . . . Machines Disabled . | . . . . Actions | -11 -10 -10 -8 --------- Run | Yrd Mat Sub Scr Total 3546 | 4 882 351 2309 Wait 135 | . 61 6 68 Move 3227 | 4 758 303 2162 Hop . | . . . . Pick Up 45 | . 20 9 16 Fast Attach 14 | . 6 2 6 Attach 4 | . 1 3 . Detach 2 | . . . 2 Swap 21 | . 6 5 10 Drop 37 | . 7 6 24 Fire 49 | . 21 17 11 Melee 2 | . . . 2 Ram . | . . . . Kick . | . . . . Crush 2 | . 2 . . Escape Stasis . | . . . . Rewire 8 | . . . 8 Trap . | . . . . Miscellaneous . | . . . . Route ------- -11/Scrapyard -10/Materials (discovered 6 exits: *Mat x3 / [*Min x2] / *Sub) -10/Subcaves (discovered 3 exits: Mat x2 / *Scr) -8/Scraptown (discovered 2 exits: [*Fac x2]) History --------- Turn | Location | Event 1 | -11/Scrapyard | Discovered new exit (range 3) 6 | -11/Scrapyard | Entered Materials 311 | -10/Materials | Build established: Mutant 397 | -10/Materials | Discovered new exit (range 8) 449 | -10/Materials | Discovered new exit (range 8) 515 | -10/Materials | Discovered new exit (range 3) 601 | -10/Materials | Discovered new exit (range 16) 852 | -10/Materials | Learned Storage machine intel 884 | -10/Materials | Learned Storage trap positions 908 | -10/Materials | Identified exit to Materials 920 | -10/Materials | Learned Storage emergency access door positions 923 | -10/Materials | Learned 2 Mines zone layouts 924 | -10/Materials | Learned Storage trap positions 925 | -10/Materials | Learned location of Mines (-9) 1597 | -10/Materials | Entered Subcaves 1598 | -10/Subcaves | Approached by a straggling Scientist 1598 | -10/Subcaves | Identified exit to Materials 1880 | -10/Subcaves | Lost 3 parts (1p2n) 1983 | -10/Subcaves | Shifting Twisted Machinery released Battle Rifle 2061 | -10/Subcaves | Visited Clippyterm 2069 | -10/Subcaves | Learned location of Extension (-5) 2329 | -10/Subcaves | Disturbed a concealed Subdweller 2333 | -10/Subcaves | Core integrity fell below 50% 2451 | -10/Subcaves | Entered Scraptown 3071 | -8/Scraptown | Visited Spacefarers 3191 | -8/Scraptown | Visited Red Mages 3311 | -8/Scraptown | Found Relay Coupler [Proto] 3826 | -8/Scraptown | Visited IN-MT5's Study 3926 | -8/Scraptown | Visited Cyclists 3989 | -8/Scraptown | Visited Awakened 4113 | -8/Scraptown | Scanned Subdweller tech in exchange for log data 4116 | -8/Scraptown | Learned Factory terminal intel 4118 | -8/Scraptown | Learned location of 1 exit from Research 4120 | -8/Scraptown | Learned Factory emergency access door positions 4168 | -8/Scraptown | Discovered new exit (range 5) 4496 | -8/Scraptown | Visited UFD Registry 4534 | -8/Scraptown | Visited Junk Repository 4603 | -8/Scraptown | Visited SPCMW 4688 | -8/Scraptown | Registered with UFD as "Smoothbot" 4720 | -8/Scraptown | Entered Cyclist Reading Room 4859 | -8/Scraptown | Visited Derelict Rescue Squad 4869 | -8/Scraptown | Found DRS Beacon 4894 | -8/Scraptown | Visited Research Penetration Think Tank 4946 | -8/Scraptown | Visited Sword Containment 4965 | -8/Scraptown | Found Prototype Slashing Weapon 4965 | -8/Scraptown | Identified Companion Sword 5118 | -8/Scraptown | Discovered new exit (range 5) 5159 | -8/Scraptown | Visited LU-1G1's Boring Crew 5226 | -8/Scraptown | Visited Abandonware Association 5246 | -8/Scraptown | Learned abandonware demo "REVENGE.EXE" 5246 | -8/Scraptown | Learned abandonware demo "MELTYB.EXE" 5365 | -8/Scraptown | Visited Scrapoid Research Area 5414 | -8/Scraptown | Visited Curators Association 5773 | -8/Scraptown | Visited Infowarlord's Domain 5857 | -8/Scraptown | Met Optimus 5857 | -8/Scraptown | Accepted into 0bPrime 6006 | -8/Scraptown | Civil war broke out across Scraptown 6070 | -8/Scraptown | Core integrity fell below 20% 6099 | -8/Scraptown | Destroyed by U6-UV9(j) with Overtuned Pulse Rifle Last Messages --------------- 06036_ HV Slug penetrates Wall. 06036_ HV Slug penetrates Optimus. 06036_ HV Slug penetrates Machine. 06036_ HV Slug penetrates Wall. 06039_ HV Slug penetrates Optimus. 06041_ Machine disabled. Companion Sword: "I work better when attached to you, by the way." 06049_ C7-APT(g): "I knew I should've stayed in 0b1." 06051_ Critical hit (Burn: +50). 06053_ Mak. Salvage Targeting Computer fried. 06053_ MW-5MJ(j) destroyed. 06073_ Mak. Salvage Targeting Computer fried. 06073_ 1F-NPK(j) destroyed. 06076_ Overheating: System interference. 06076_ Riot Gun temporarily disabled. 06084_ 6Q-CT5(p) destroyed. 06086_ Acquired 70 matter. 06090_ Power failure, Imp. Deuterium Engine shutdown. 06091_ Overheating: Mak. Light Armor Plating damaged (-147). 06094_ Power failure, Imp. Ion Engine shutdown. Map ----- +----------------------------------------------------+ | # ########### ########### ##### ## #############? | | " """"""""""" """"""""""" """"" "" "## "#? | | "## ""#? | | "## """" "#? | | "## "### "#? | | "## "#X ""#? | | "### "#? | | """""""""""""""""""""""""""" "## """" "#? | | """""""""""""""""""""""""""" "## ""#? | | ""###### ################"" "## "#? | | ""# ##????????#"" "############? | | ""# X"#????????#"" "#???????????? | | ""# "" "" ##????????#"" "#???????????? | | ""# "" "" X"#??????###"" "###########?? | | ""# " " ######### #"" "## #?? | | "" "" ! #?? | | "" "" "## #?? | | ""# " " ######### #"" "## #?? | | ""# "" "" ""#??????###"" "## #?? | | ""# "" "" ##????????#"" %"###########?? | | ""# X"#????????#" #???????????? | | ""# ##????????#"" #???????????? | | ""###### ################""! #?#########?? | | """"""""""""""""""""""" """"*! "##" ""#?? | | " """"""""""""""""""""" """j*= " "#?? | | j @ j!%= "##" """ "#?? | | [[ "#?" """ ???? | | #?? """????? | | [* ##? " ????? | | !%= !=[ #?? " ????? | | """ "" """""""" """"""""""" """ "%[! ##??" """???? | | ### ########### ########### ######= #????" ????? | | ?"""""???#" "#?# # #?????##????? | | #?##"" ""##?# "# #???????????? | | ##??#&" #??# " "# "#??????????? | | ??##"" [ ""##?#""" ""# = "#??????????? | | #?#" *%! "#?#""" # %["#??????????? | | ##?##"" ""##?#""" " # ! "###########? | | # #???#!" & #??# " """# #? | | # # ##???#" ""#??# s"""# ##? | | # ?# #???#" """ "#?# """# #? | | ##??##???#"## "!" ####?# " " " # #? | | ????????# #?#"###"#????#""""" # #? | | ???????# #??##??###????########### ############? | | ################################## #####???????? | | ##"""##"""##"""##"""##"""##"|"# """"#???????? | | "" ## ""## ""##" "##"""##"" ##" # "" "#???????? | | "" "#???????? | | "" " "#???????? | | "" """"#???????? | +----------------------------------------------------+ Best States ------------- Heat Dissipation 25 Energy Generation 16 Energy Capacity 290 Matter Stores 300 Matter Capacity 300 Sight Range 16 Terrain Scan Density 10 Additional Mass Support 6 Armor Coverage 150 Evasion (%) 55 Targeting Accuracy 5 Recoil Reduction 2 Item Schematics ----------------- None Robot Schematics ------------------ None Fabricated ------------ Nothing Repaired ---------- Nothing Studied --------- None Alien Tech Used ----------------- None Achievements -------------- Bob, First Of His Name Challenges ------------ None Game ------ Seed PropulsionThrusterReactor Manual? 0 Play Time 01:06:41 Cumulative 152.1 hours Start 2026.08.25 @ 08:06:20 End 2026.08.25 @ 09:47:29 Sessions 1 Manual Loads 0 Difficulty Rogue Special Mode None Game No. 144 Rogue 144 Adventurer 0 Explorer 0 Win Type - Total 0 Types 0/0/0/0/0/0/0/0/0/0 Lore% 32 Gallery% 35 Achievement% 25 Wizard Run 0 Options --------- Layout 0 ASCII 0 Keyboard 0 Movement Numpad Keybinds 0 Fullscreen 1 Font 18/SmallcapsGlow Map View 76x50 Zoom Use 0% Tactical HUD 1 Map Filters NONE Filters NONE Steam 1 RUN: 7f192369-b2f1-4cce-b91c-3f2b109ab2b1